Map: Inside and Out

Players

Alebay

  • Race: Zerg Zerg

MattBarry

  • Race: Zerg Zerg
  • League: Gold
  • Spawn Location: 7:00

VOD

Have the link to the VOD?

Description

Time

  • Played on: Jan. 20, 2023, 8:58 p.m.
  • Length: 20:44
Show
View Real Time Build Order
Export as new Build Order

Alebay Zerg 

Build Orders:  

Get SALT Encoding   

Show
View Real Time Build Order
Export as new Build Order

MattBarry Zerg 

Build Orders:  

Get SALT Encoding   

  12  0:02  Drone  
  13  0:18  Overlord  
  13  0:24  Drone  
  14  0:43  Drone  
  14  0:45  Drone  
  16  1:10  Hatchery  
  16  1:12  Drone  
  16  1:17  Extractor  
  15  1:21  Drone  
  16  1:45  Spawning Pool  
  15  1:58  Drone  
  16  2:05  Drone  
  17  2:11  Drone  
  18  2:23  Drone  
  19  2:52  Zergling x4  
  19  2:58  Zergling x2  
  22  3:00  Zergling x2, Queen  
  22  3:04  Queen  
  27  3:32  Drone  
  28  3:40  Overlord  
  28  3:43  Extractor  
  28  3:49  Drone  
  29  4:01  Metabolic Boost  
  29  4:22  Drone x2  
  29  4:23  Drone x3  
  29  4:24  Drone  
  35  4:38  Drone  
  36  5:03  Overlord  
  36  5:04  Evolution Chamber  
  36  5:07  Zergling x2  
  36  5:43  Zerg Melee Weapons Level 1  
  36  6:00  Baneling Nest  
  36  6:04  Drone x3  
  36  6:05  Drone x3  
  39  6:20  Drone x3  
  41  6:26  Overlord  
  41  6:29  Overlord  
  44  6:30  Overlord  
  44  6:31  Overlord  
  44  6:41  Extractor  
  44  6:44  Roach Warren  
  44  6:45  Extractor  
  41  6:50  Evolution Chamber  
  41  6:51  Hatchery  
  41  6:53  Extractor  
  38  7:05  Drone x4  
  38  7:06  Drone x2  
  44  7:21  Lair  
  44  7:36  Drone  
  44  7:37  Drone x5  
  50  7:46  Zerg Missile Weapons Level 1  
  50  7:58  Drone  
  50  7:59  Drone  
  51  8:19  Drone x2  
  53  8:23  Zerg Ground Armor Level 1  
  53  8:29  Drone x3  
  52  8:30  Drone x2  
  58  8:41  Overlord  
  58  9:20  Roach x2  
  58  9:21  Roach x10  
  58  9:28  Drone x3  
  85  9:42  Glial Reconstitution  
  85  9:47  Drone x3  
  88  9:58  Spore Crawler  
  87  10:04  Drone x2  
  87  10:05  Extractor  
  87  10:07  Overlord  
  88  10:17  Extractor  
  87  10:20  Hatchery  
  87  10:21  Overlord  
  87  10:24  Overlord  
  86  10:30  Roach  
  86  10:31  Drone  
  86  10:32  Drone  
  86  10:33  Drone  
  86  10:35  Drone, Overlord  
  86  10:36  Drone  
  86  10:37  Overlord  
  86  10:39  Zergling x2  
  94  10:57  Unknown  
  93  11:21  Overlord x4  
  93  11:22  Overlord x5  
  93  11:23  Overlord  
  93  11:53  Overlord x6  
  93  12:10  Unknown  
  93  12:15  Pneumatized Carapace  
  93  12:24  Overlord  
  93  12:25  Overlord x5  
  93  12:31  Overlord x2  
  93  12:34  Overlord  
  93  12:49  Overlord x3  
  93  13:02  Queen  
  95  13:18  Unknown, Overlord  
  95  13:19  Overlord x5  
  95  13:20  Overlord x3  
  95  13:33  Overlord  
  95  13:34  Overlord x2  
  95  13:43  Overlord x4  
  95  13:44  Overlord x6  
  95  14:03  Overlord x3  
  95  14:04  Overlord  
  95  14:22  Overlord x3  
  95  14:23  Overlord x3  
  95  14:32  Overlord x2  
  95  14:35  Overlord  
  95  14:37  Overlord  
  95  14:42  Overlord  
  95  14:48  Overlord  
  95  14:53  Unknown  
  95  15:01  Overlord  
  95  15:02  Overlord x3  
  95  15:19  Overlord x4  
  95  15:29  Overlord x2  
  95  15:30  Overlord  
  95  15:35  Unknown  
  95  15:36  Overlord  
  95  15:37  Overlord  
  95  15:43  Overlord x2  
  94  15:51  Overlord  
  94  15:52  Overlord x2  
  92  16:03  Overlord x2  
  92  16:11  Zergling x2, Unknown  
  93  16:28  Hatchery  
  91  16:43  Hatchery  
  90  16:54  Hatchery  
  89  17:05  Overlord  
  89  17:06  Overlord x3  
  89  17:08  Hatchery, Overlord  
  88  17:12  Overlord  
  88  17:16  Overlord  
  88  17:20  Overlord  
  88  17:42  Overlord  
  88  17:43  Overlord x4  
  88  17:44  Overlord  
  88  17:48  Overlord  
  88  17:58  Overlord  
  88  17:59  Overlord  
  88  18:00  Overlord  
  88  18:11  Overlord x2  
  88  18:12  Overlord  
  88  18:37  Overlord  
  88  18:38  Overlord x4  
  88  18:39  Overlord  
  88  18:45  Overlord  
  88  18:48  Overlord  
  88  18:50  Unknown  
  88  19:10  Overlord x4  
  88  19:11  Overlord  
  88  19:17  Drone x2  
  88  19:18  Drone x2  
  92  19:20  Drone  
  92  19:21  Drone  
  92  19:23  Drone  
  92  19:25  Drone  
  92  19:26  Drone  
  92  19:28  Drone  
  98  19:30  Drone  
  98  19:31  Drone  
  98  19:33  Drone  
  98  19:39  Drone  
  102  19:40  Drone x3  
  102  19:41  Drone  
  102  19:44  Drone  
  107  19:50  Overseer x2  
  107  19:51  Overseer x2  
  107  19:52  Overseer  
  107  19:53  Overseer  
  107  20:07  Overlord x3  
  107  20:09  Drone x4  
  111  20:10  Drone x2  
  111  20:12  Drone  
Tags
 
League
Gold
Matchup
Co-op
Replay Pack
Multiplayer
Add a new tag
Caveats
  • Supply blocks, unpowered buildings, or Contaminate may cause inaccurate times.
  • Supply counts are checked every 10 seconds.